 Dungeon Crawl Stone Soup version 0.17.0-18-gaab0e96 (webtiles) character file.

4788 tp1 the Thaumaturge (level 10, 0/50 HPs)
             Began as a Deep Elf Conjurer on Nov 11, 2015.
             Was a Priest of Vehumet.
             Slain by a killer bee (5 damage)
             ... on level 9 of the Dungeon.
             The game lasted 01:01:41 (13528 turns).

tp1 the Thaumaturge (Deep Elf Conjurer)            Turns: 13528, Time: 01:01:41

Health: 0/50       AC:  9    Str:  5    XL:     10   Next: 24%
Magic:  19/23      EV: 12    Int: 24    God:    Vehumet [***...]
Gold:   410        SH:  0    Dex: 17    Spells: 6 memorised, 11 levels left

rFire  + . .     SeeInvis .     t - +5 hand axe "Lyitrac" {venom, +Rage rElec rPois}
rCold  . . .     Clarity  .     w - +3 leather armour {rPois}
rNeg   + + .     SustAt   .     (no shield)
rPois  +         Gourm    +     (helmet restricted)
rElec  +         Spirit   .     (no cloak)
rCorr  .         Warding  .     F - +1 pair of gloves of Sif Muna {rF+ rN+ Dex+2}
rMut   .         Stasis   .     o - +0 pair of boots
MR     +....                    h - amulet of the gourmand
Stlth  ++........               (no ring)
                                i - ring of positive energy

@: somewhat resistant to hostile enchantments, unstealthy
A: horns 2, low mp 1
a: Renounce Religion, Evoke Berserk Rage


You were on level 9 of the Dungeon.
You worshipped Vehumet.
Vehumet was most pleased with you.
You were completely stuffed.

You visited 2 branches of the dungeon, and saw 10 of its levels.
You also visited: Ossuary.

You collected 410 gold pieces.

Inventory:

Hand Weapons
 e - a +0 short sword
 r - a +3 quarterstaff of chaos
 t - the +5 hand axe "Lyitrac" (weapon) {venom, +Rage rElec rPois}
   (You found it on level 5 of the Dungeon)

   It poisons the flesh of those it strikes.
   It insulates you from electricity.
   It protects you from poison.
   It lets you go berserk.
Armour
 a - a +0 robe
 g - a +0 pair of gloves
 o - a +0 pair of boots (worn)
 w - a +3 leather armour of poison resistance (worn)
 E - a +2 pair of gloves
 F - the +1 pair of gloves of Sif Muna (worn) {rF+ rN+ Dex+2}
   (You found it on level 6 of the Dungeon)

   It affects your dexterity (+2).
   It protects you from fire.
   It protects you from negative energy.
Magical Staves
 G - an uncursed staff of air
Jewellery
 h - an amulet of the gourmand (around neck)
 i - a ring of positive energy (left hand)
 M - a cursed ring of loudness {unknown}
 U - an uncursed ring of protection from magic {unknown}
Wands
 s - a wand of digging (7)
 D - a wand of fire (10)
 Q - a wand of fire (11)
 T - a wand of lightning (12)
Scrolls
 f - 2 scrolls of enchant armour
 j - 4 scrolls of teleportation
 l - 4 scrolls of identify
 m - 2 scrolls of blinking
 n - 4 scrolls of magic mapping
 q - 2 scrolls of fog
 u - 6 scrolls of remove curse
 v - a scroll of random uselessness
 y - a scroll of enchant weapon
 J - 2 scrolls of recharging {unknown}
 L - a scroll of amnesia {unknown}
 P - a scroll of summoning {unknown}
 R - 3 scrolls of fear {unknown}
Potions
 d - 4 potions of degeneration
 p - 6 potions of curing
 x - a potion of might
 z - a potion of haste
 B - a potion of agility
 I - a potion of resistance {unknown}
 K - 2 potions of ambrosia {unknown}
 N - 2 potions of heal wounds {unknown}
 O - a potion of invisibility
Books
 b - a book of Conjurations

   Spells                             Type                      Level
   a - Magic Dart                     Conjuration                  1
   b - Searing Ray                    Conjuration                  2
   c - Dazzling Spray                 Conjuration/Hexes            3
   d - Fulminant Prism                Conjuration/Hexes            4
   e - Iskenderun's Mystic Blast      Conjuration                  4
   f - Iskenderun's Battlesphere      Conjuration/Charms           5
 C - a book of Summonings

   Spells                             Type                      Level
   a - Recall                         Summoning/Translocation      3
   b - Aura of Abjuration             Summoning                    5
   c - Shadow Creatures               Summoning                    5
   d - Summon Demon                   Summoning                    5
   e - Summon Forest                  Summoning/Translocation      5
   f - Summon Mana Viper              Hexes/Summoning              5
 H - a book of the Dragon

   Spells                             Type                      Level
   a - Flame Tongue                   Conjuration/Fire             1
   b - Cause Fear                     Hexes                        4
   c - Bolt of Fire                   Conjuration/Fire             6
   d - Dragon Form                    Transmutation                7
   e - Dragon's Call                  Summoning                    9
Comestibles
 c - 5 bread rations
 k - 2 beef jerkies
 A - a meat ration
 S - 10 fruits
 V - a slice of pizza
 W - a chunk of flesh


   Skills:
 - Level 2.0 Axes
 - Level 2.1 Armour
 - Level 2.4 Dodging
 - Level 2.4 Stealth
 - Level 10.0 Spellcasting
 - Level 8.3 Conjurations
 - Level 9.3 Charms
 + Level 9.2 Fire Magic


You had 11 spell levels left.
You knew the following spells:

 Your Spells              Type           Power        Failure   Level  Hunger
a - Magic Dart            Conj           ####         1%          1    None
b - Searing Ray           Conj           ######       1%          2    None
c - Flame Tongue          Conj/Fire      #####        1%          1    None
d - Iskenderun's Battles  Conj/Chrm      ######..     2%          5    ####...
e - Conjure Flame         Conj/Fire      ######..     1%          3    None
f - Bolt of Fire          Conj/Fire      ######....   11%         6    ######.


Dungeon Overview and Level Annotations

Branches:
Dungeon (9/15)             Temple (1/1) D:4             Orc (0/4) D:9
   Lair: D:8-11

Altars:
Ashenzari
Cheibriados
Dithmenos
Elyvilon
Fedhas
Gozag
Kikubaaqudgha
Makhleb
Nemelex Xobeh
Okawaru
Ru
Sif Muna
Trog
Vehumet
Xom
Yredelemnul
Zin
The Shining One

Shops:
D:3 *


Innate Abilities, Weirdness & Mutations

You have a pair of horns on your head.
Your magical capacity is low (-10% MP).


Message History

The killer bee stings you but does no damage.
The killer bee barely misses you.
The killer bee stings you but does no damage. x2
The killer bee stings you.
* * * LOW HITPOINT WARNING * * *
The killer bee misses you.
The killer bee stings you but does no damage.
The killer bee stings you!
* * * LOW HITPOINT WARNING * * *
Drink which item? (? for menu, Esc to quit)
You feel better. The killer bee stings you!
* * * LOW HITPOINT WARNING * * *
The killer bee stings you.
* * * LOW HITPOINT WARNING * * *
The killer bee stings you but does no damage.
The killer bee stings you.
* * * LOW HITPOINT WARNING * * *
The killer bee stings you but does no damage.
The killer bee barely misses you. The killer bee stings you.
You die...

(.#.....................
..#.....................
..#.......................
..#.......................#
..#.......................#
..#.##.####.####...##.....
###.#### #.####...##....#
.....# #......y.....#
.....# #.....@yy....#
.....# #.....yyy...##
.....# #.......y...# .....#
#...........# ##+###
####+#####.†# ....
..........# ....
..........y# .###
............# .#
..............


You could see 8 killer bees.

Vanquished Creatures
  An oklob plant (D:8)
  A troll (D:9)
  2 ice beasts
  3 orc warriors
  A necrophage (D:5)
  4 phantoms
  A centaur (D:7)
  2 ogres
  8 big kobolds (D:8)
  6 giant frogs
  Dowan (D:5)
  A killer bee (D:9)
  8 scorpions
  3 hounds
  2 giant frog zombies
  4 human zombies (Ossuary)
  3 orc priests
  Crazy Yiuf (D:2)
  Ijyb (D:4)
  2 iguanas
  2 jellies
  4 orc wizards
  A centaur skeleton (D:5)
  4 centaur zombies
  A gnoll shaman (D:7)
  3 worker ants
  A killer bee zombie (D:7)
  3 big kobold zombies (Ossuary)
  3 mummies (Ossuary)
  2 worker ant zombies (D:5)
  18 adders
  13 gnolls
  A shadow imp (D:7)
  3 scorpion zombies (Ossuary)
  An ooze (D:1)
  3 worms
  8 giant geckos
  29 orcs
  A ball python (D:5)
  12 goblins
  13 hobgoblins
  9 jackals
  11 kobolds
  4 quokkas (D:5)
  A ball python zombie (D:2)
  9 bats
  6 giant cockroaches
  5 giant newts
  A goblin zombie (Ossuary)
  2 hobgoblin zombies (Ossuary)
  2 jackal skeletons
  A jackal zombie (D:2)
  5 kobold zombies (Ossuary)
  A quokka skeleton (D:5)
  5 rats
  4 fungi (D:8)
  12 plants (D:8)
259 creatures vanquished.

Vanquished Creatures (others)
  Duvessa (D:5)
  An orc zombie (Ossuary)
2 creatures vanquished.

Grand Total: 261 creatures vanquished

Notes
Turn   | Place    | Note
--------------------------------------------------------------
     0 | D:1      | tp1 the Deep Elf Conjurer began the quest for the Orb.
     0 | D:1      | Reached XP level 1. HP: 10/10 MP: 6/6
   320 | D:1      | Reached XP level 2. HP: 15/15 MP: 5/8
   401 | D:1      | Reached skill level 5 in Conjurations
   588 | D:1      | Learned a level 2 spell: Searing Ray
  1225 | D:2      | Reached XP level 3. HP: 19/19 MP: 5/9
  1401 | D:2      | Reached skill level 6 in Conjurations
  1438 | D:2      | Found a glowing golden altar of the Shining One.
  1502 | D:2      | Reached XP level 4. HP: 24/24 MP: 1/11
  1706 | D:2      | Noticed Crazy Yiuf
  1712 | D:2      | Killed Crazy Yiuf
  2610 | D:2      | Found a glowing golden altar of the Shining One.
  3209 | D:3      | Reached skill level 5 in Spellcasting
  3215 | D:3      | Reached XP level 5. HP: 25/28 MP: 0/14
  3316 | D:3      | Learned a level 5 spell: Iskenderun's Battlesphere
  3387 | D:3      | Reached skill level 1 in Charms
  3398 | D:3      | Found an opulent altar of Gozag.
  3398 | D:3      | Found Gozag's Platinum Reserve.
  3768 | D:3      | Found a basalt altar of Yredelemnul.
  3906 | D:4      | Noticed Ijyb
  4007 | D:4      | Killed Ijyb
  4082 | D:4      | Reached skill level 5 in Charms
  4082 | D:4      | Reached XP level 6. HP: 24/32 MP: 9/15
  4360 | D:4      | Found a staircase to the Ecumenical Temple.
  4366 | Temple   | Entered the Ecumenical Temple
  4620 | D:4      | Found a bloodstained altar of Trog.
  4854 | D:5      | Entered Level 5 of the Dungeon
  5194 | D:5      | Reached skill level 7 in Charms
  5285 | D:5      | Noticed Duvessa
  5285 | D:5      | Noticed Dowan
  5306 | D:5      | Gained mutation: You have a pair of small horns on your head. [potion of mutation]
  5306 | D:5      | Gained mutation: Your magical capacity is low (-10% MP). [potion of mutation]
  5306 | D:5      | Gained mutation: You have a pair of horns on your head. [potion of mutation]
  5317 | D:5      | Killed Duvessa
  5317 | D:5      | Reached skill level 8 in Charms
  5317 | D:5      | Reached XP level 7. HP: 29/36 MP: 4/15
  5319 | D:5      | Killed Dowan
  5495 | D:5      | Reached skill level 9 in Charms
  5739 | D:5      | Found an iron altar of Okawaru.
  5893 | D:5      | Found a radiant altar of Vehumet.
  5896 | D:5      | Became a worshipper of Vehumet
  5964 | D:5      | Found a sparkling altar of Nemelex Xobeh.
  5980 | D:5      | Got a fine hand axe
  5981 | D:5      | Identified the +5 hand axe "Lyitrac" {venom, +Rage rElec rPois} (You found it on level 5 of the Dungeon)
  5984 | D:5      | Found a shadowy altar of Dithmenos.
  6259 | D:5      | Found a deep blue altar of Sif Muna.
  6651 | D:5      | Found a deep blue altar of Sif Muna.
  6730 | D:5      | Found an iron altar of Okawaru.
  6792 | D:5      | Found a sparkling altar of Nemelex Xobeh.
  6796 | D:5      | Found a shadowy altar of Dithmenos.
  7312 | D:5      | Found a radiant altar of Vehumet.
  7598 | D:6      | Reached XP level 8. HP: 29/41 MP: 16/16
  8357 | D:6      | Got a pair of brightly glowing gloves
  8368 | D:6      | Identified the +1 pair of gloves of Sif Muna {rF+ rN+ Dex+2} (You found it on level 6 of the Dungeon)
  8478 | D:6      | Reached * piety under Vehumet
  8478 | D:6      | Offered knowledge of Flame Tongue by Vehumet.
  8498 | D:6      | Found a white marble altar of Elyvilon.
  8779 | D:6      | Found a white marble altar of Elyvilon.
  9262 | D:7      | Learned a level 1 spell: Flame Tongue
  9427 | D:7      | Found a sand-covered staircase.
  9436 | Ossuary  | Entered an ossuary
  9805 | Ossuary  | Reached XP level 9. HP: 41/45 MP: 5/22
  9894 | Ossuary  | Reached skill level 10 in Spellcasting
  9951 | Ossuary  | Reached skill level 1 in Axes
  9952 | Ossuary  | Reached ** piety under Vehumet
  9952 | Ossuary  | Offered knowledge of Sting by Vehumet.
 10367 | D:7      | Reached skill level 1 in Armour
 11045 | D:7      | Reached skill level 1 in Fire Magic
 12073 | D:8      | Offered knowledge of Conjure Flame by Vehumet.
 12078 | D:8      | Learned a level 3 spell: Conjure Flame
 12146 | D:8      | Reached skill level 5 in Fire Magic
 12397 | D:8      | Reached *** piety under Vehumet
 12641 | D:8      | Found a blossoming altar of Fedhas.
 12664 | D:8      | Noticed an oklob plant
 12933 | D:8      | Killed an oklob plant
 12933 | D:8      | Reached XP level 10. HP: 26/50 MP: 18/23
 13267 | D:9      | Found a staircase to the Orcish Mines.
 13446 | D:9      | Learned a level 6 spell: Bolt of Fire
 13528 | D:9      | Slain by a killer bee

Action                   |  1- 3 |  4- 6 |  7- 9 | 10-12 || total
-------------------------+-------+-------+-------+-------++-------
Melee: Quarterstaff      |       |    29 |     3 |       ||    32
       Hand axe          |       |       |   114 |    73 ||   187
       Staff             |       |       |     7 |       ||     7
 Cast: Magic Dart        |    57 |    79 |   160 |    31 ||   327
       Searing Ray       |     4 |    24 |    16 |       ||    44
       Iskenderun's Batt |       |     4 |    43 |     6 ||    53
       Conjure Flame     |       |       |     2 |     1 ||     3
  Use: Scroll            |       |     4 |     8 |       ||    12
       Potion            |       |     6 |       |     2 ||     8
  Eat: Chunk             |     6 |    18 |    32 |     6 ||    62
